 Dungeon Crawl Stone Soup version 0.31-a0-95-g6fa058ef04 (webtiles) character file.

Game seed: 12641659902525081115

618 sircluck the Covert (level 7, 0/41 HPs)
             Began as a Kobold Brigand on May 25, 2023.
             Slain by a gnoll
             ... wielding a +0 whip
             ... led by a gnoll bouda
              (4 damage)
             ... on level 5 of the Dungeon.
             The game lasted 00:05:39 (3121 turns).

sircluck the Covert (Kobold Brigand)                Turns: 3121, Time: 00:05:40

Health: 0/41       AC:  4    Str:  9    XL:     7   Next: 74%
Magic:  7/7        EV: 16    Int: 12    God:
Gold:   226        SH:  0    Dex: 18    Spells: 6/6 levels left

rFire   . . .        a - +2 dagger
rCold   . . .        (no shield)
rNeg    . . .        b - +0 robe
rPois   .            l - +0 helmet
rElec   .            c - +0 cloak
rCorr   .            (no gloves)
SInv    .            (no boots)
Will    .....        (no amulet)
Stlth   +++++        (no ring)
HPRegen 0.26/turn    (no ring)
MPRegen 0.10/turn

%: no passive effects
@: no status effects
A: small, no large weapons, nightstalker 3
a: no special abilities


You were on level 5 of the Dungeon.
You visited 1 branch of the dungeon, and saw 5 of its levels.

You collected 226 gold pieces.

Inventory:

Hand Weapons
 a - a +2 dagger (weapon)
Missiles
 d - 9 poisoned darts (quivered)
 e - 3 curare-tipped darts
 i - 26 stones
Armour
 b - a +0 robe (worn)
 c - a +0 cloak (worn)
 l - a +0 helmet (worn)
Jewellery
 u - a ring of protection from cold
Scrolls
 h - a scroll of poison {unknown}
 j - a scroll of immolation {unknown}
 m - 4 scrolls of identify
 q - 2 scrolls of fear {unknown}
 s - a scroll of enchant armour {unknown}
Potions
 g - a potion of haste
 k - a potion of degeneration
 n - a potion of attraction {unknown}
 p - a potion of resistance {unknown}
 r - a potion of curing {unknown}
 t - 2 potions of lignification {unknown}


   Skills:
 + Level 3.0 Fighting
 + Level 5.6 Short Blades
 + Level 2.4 Throwing
 + Level 3.9 Dodging
 + Level 9.6 Stealth


You had 6 spell levels left.
You didn't know any spells.
Your spell library contained the following spells:

 Spells                   Type           Power      Damage    Failure   Level
 Ensorcelled Hibernation  Hex/Ice        0%         N/A       45%         2
 Passwall                 Tmut/Erth      0%         N/A       45%         2
 Swiftness                Air            0%         N/A       69%         3
 Alistair's Intoxication  Tmut/Pois      0%         N/A       100%        5
 Borgnjor's Vile Clutch   Necr/Erth      0%         N/A       100%        5
 Eringya's Noxious Bog    Tmut/Pois      0%         N/A       100%        6


Dungeon Overview and Level Annotations

Branches:
Dungeon (5/15)
 Temple: D:4-7

Altars:

Shops:
D:1 :   D:3 *


Innate Abilities, Weirdness & Mutations

You are small and have problems with some larger weapons.
You are completely attuned to the shadows.


Message History

You hit the orc.
The orc is lightly wounded.
You barely miss the orc.
The orc is lightly wounded.
The orc wizard casts a spell at you. The puff of flame hits you.
The orc closely misses you.
You hit the orc.
The orc is almost dead.
The orc wizard casts a spell at you. The magic dart hits you!
* * * LOW HITPOINT WARNING * * *
The orc hits you with a +0 club.
* * * LOW HITPOINT WARNING * * *
As you read the scroll of teleportation, it crumbles to dust.
You feel strangely unstable.
The orc wizard gestures at you while chanting.
You resist with some effort. The orc hits you with a +0 club.
* * * LOW HITPOINT WARNING * * *
The orc attacks as you move away! The orc barely misses you.
Your surroundings suddenly seem different. 2 gnolls come into view.
The gnoll moves out of view.
You barely miss the gnoll. You hit the gnoll but do no damage.
The gnoll barely misses you.
You hit the gnoll.
The gnoll is moderately wounded.
The gnoll hits you with a +0 whip.
* * * LOW HITPOINT WARNING * * *
You hit the gnoll. Your punch misses the gnoll.
The gnoll is heavily wounded.
You hit the gnoll but do no damage.
The gnoll is heavily wounded.
The gnoll closely misses you.
You hit the gnoll.
The gnoll is heavily wounded.
The gnoll closely misses you.
You hit the gnoll.
The gnoll is severely wounded.
The gnoll hits you with a +0 whip.
You die...

..
####..
#.....
#.....
#.....
#@g#..
#..#
#..#
#..#
#..#


You could see a gnoll.

Vanquished Creatures
  A water moccasin (D:5)
  2 ice beasts
  The ghost of edwardauron the Trooper, a weakling DgFi (D:3)
  An iguana (D:5)
  2 orc wizards (D:3)
  A gnoll (D:3)
  13 adders
  2 worms (D:2)
  8 orcs
  13 ball pythons
  6 bats
  7 endoplasms
  5 giant cockroaches
  5 hobgoblins
  3 quokkas
  4 frilled lizards
  5 goblins
  A kobold (D:1)
  5 rats
85 creatures vanquished.

Notes
Turn   | Place    | Note
-------+----------+-------------------------------------------
     0 | D:1      | sircluck the Kobold Brigand began the quest for the Orb.
     0 | D:1      | Reached XP level 1. HP: 12/12 MP: 1/1
    69 | D:1      | Found a faded altar of an unknown god.
   115 | D:1      | Reached XP level 2. HP: 17/17 MP: 2/2
   157 | D:1      | Found Qoecsu's Book Boutique.
   484 | D:2      | Reached skill level 6 in Stealth
   522 | D:2      | Reached XP level 3. HP: 19/21 MP: 3/3
   658 | D:2      | Reached XP level 4. HP: 26/26 MP: 4/4
   787 | D:2      | Reached skill level 7 in Stealth
  1052 | D:2      | Reached XP level 5. HP: 31/31 MP: 5/5
  1383 | D:3      | Reached skill level 8 in Stealth
  1571 | D:3      | Noticed an ice beast
  1659 | D:3      | Found a runed translucent gate.
  1660 | D:3      | Found a runed translucent gate.
  1667 | D:3      | Found a runed translucent gate.
  1748 | D:3      | Reached XP level 6. HP: 36/36 MP: 6/6
  1769 | D:3      | HP: 1/36 [gnoll/+0 spear (6)]
  2240 | D:3      | Found Galoilyu's General Store.
  2538 | D:3      | Noticed edwardauron's ghost (weakling DgFi)
  2543 | D:3      | Killed an ice beast
  2544 | D:3      | Reached skill level 9 in Stealth
  2560 | D:3      | Killed edwardauron's ghost
  2560 | D:3      | HP: 2/54 [frozen (4)]
  2561 | D:3      | Reached XP level 7. HP: 2/40 MP: 7/7
  2786 | D:4      | You fall into a shaft and drop 1 floor!
  2786 | D:5      | Entered Level 5 of the Dungeon
  2805 | D:5      | Reached skill level 5 in Short Blades
  3025 | D:5      | Noticed a water moccasin
  3029 | D:5      | Killed a water moccasin
  3121 | D:5      | Slain by a gnoll

Illustrated notes

Levels and vault maps discovered:
D:1:      lightli_arrival_statue_moat, layout_rooms, serial_shops,
          shop_fountains, ebering_ecumenical_altar_webs
D:2:      layout_rooms, hangedman_decor_growths, minmay_snake_closets
D:3:      layout_loops_ring, serial_shops, nicolae_shop_real_fake_doors,
          gammafunk_ghost_split, minmay_diced_spiral
D:4:      layout_basic, enter_ossuary_5
D:5:      layout_loops_ring, dreamdust_princess_bridge

Skill      XL: |  1  2  3  4  5  6  7 |
---------------+----------------------+-----
Stealth        | 6 7 8 9 |  9.6
Short Blades   | 3 4 5 |  5.6
Dodging        | 3 |  3.9
Fighting       | 3 |  3.0
Throwing       | |  2.4

Action                     |  1- 3 |  4- 6 |  7- 9 || total
---------------------------+-------+-------+-------++-------
  Melee: Dagger            |    36 |   162 |    44 ||   242
         Punch             |     1 |       |       ||     1
    Use: Scroll            |       |     4 |     1 ||     5
         Potion            |       |     1 |     2 ||     3
   Stab: Sleeping          |    15 |    28 |     4 ||    47
         Distracted        |     1 |     1 |       ||     2
 Armour: Robe              |     6 |    44 |     6 ||    56
  Dodge: Dodged            |    13 |   102 |    33 ||   148

Table legend: (Time is in decaauts)
 A = Elapsed time spent in this place.
 B = Non-inter-level travel time spent in this place.
 C = Inter-level travel time spent in this place.
 D = Time resting spent in this place.
 E = Time spent auto-exploring this place.
 F = Levels seen in this place.
 G = Mean time per level.
                   A        B        C        D        E       F      G
               +--------+--------+--------+--------+--------+-----+--------+
         Total |   3067 |   2997 |     70 |    233 |   2002 |   5 |  613.4 |
       Dungeon |   3067 |   2997 |     70 |    233 |   2002 |   5 |  613.4 |
               +--------+--------+--------+--------+--------+-----+--------+

Top non-repeatable levels by time:
     D:3: 1358 daAuts
     D:2: 855 daAuts
     D:1: 471 daAuts
     D:5: 273 daAuts
     D:4: 108 daAuts
